Map: Romanticide LE

Players

SKillous

  • Race: Protoss Protoss
  • League: Master
  • Spawn Location: 5:00

cure - Winner!

  • Race: Terran Terran
  • Spawn Location: 11:00

Event: StayAtHome Story Cup #3

VOD

Have the link to the VOD?

Description

Time

  • Played on: March 11, 2021, 7:30 a.m.
  • Length: 10:43

All games in this series

Show
View Real Time Build Order
Export as new Build Order

SKillous Protoss 

Build Orders: 1 Gate Expand, Zealot Archon, Dark Templar Rush 

Get SALT Encoding   

  12  0:00  Probe  
  13  0:13  Probe  
  14  0:17  Pylon  
  14  0:25  Probe (Chrono Boost)  
  15  0:37  Probe (Chrono Boost)  
  15  0:38  Gateway  
  16  0:45  Probe (Chrono Boost)  
  16  0:46  Assimilator  
  17  0:51  Probe  
  18  1:03  Probe  
  19  1:15  Probe  
  20  1:25  Cybernetics Core  
  20  1:35  Nexus  
  20  1:39  Pylon  
  20  1:42  Probe  
  21  1:47  Assimilator  
  21  1:55  Probe  
  21  1:58  Adept (Chrono Boost)  
  22  2:04  Shield Battery  
  22  2:07  Probe  
  25  2:11  Warp Gate  
  25  2:18  Adept (Chrono Boost)  
  25  2:19  Probe  
  28  2:32  Probe  
  28  2:36  Twilight Council  
  29  2:47  Stalker  
  29  2:48  Probe x2  
  33  3:00  Probe x2  
  34  3:12  Probe (Chrono Boost)  
  36  3:15  Robotics Facility  
  36  3:17  Probe (Chrono Boost)  
  35  3:23  Probe (Chrono Boost)  
  35  3:28  Probe (Chrono Boost)  
  35  3:32  Probe (Chrono Boost)  
  36  3:36  Probe (Chrono Boost)  
  36  3:37  Gateway  
  36  3:41  Probe x2 (Chrono Boost)  
  38  3:43  Dark Shrine  
  39  3:51  Probe x2  
  41  3:57  Shield Battery  
  41  3:58  Warp Prism (Chrono Boost)  
  43  4:03  Probe x2  
  43  4:06  Pylon  
  43  4:09  Assimilator  
  45  4:14  Assimilator  
  45  4:15  Probe  
  46  4:22  Pylon  
  47  4:24  Probe  
  47  4:27  Probe, Observer  
  49  4:35  Nexus  
  49  4:36  Probe  
  50  4:45  Probe  
  50  4:56  Dark Templar x2  
  50  4:58  Probe (Chrono Boost)  
  50  4:59  Probe (Chrono Boost)  
  48  5:09  Probe (Chrono Boost)  
  48  5:10  Probe (Chrono Boost)  
  48  5:14  Probe (Chrono Boost)  
  48  5:18  Forge  
  50  5:21  Pylon  
  50  5:22  Probe (Chrono Boost)  
  50  5:26  Probe (Chrono Boost)  
  51  5:29  Dark Templar x2  
  51  5:34  Probe (Chrono Boost), Dark Templar x2  
  51  5:35  Probe (Chrono Boost)  
  55  5:40  Archon  
  55  5:46  Probe (Chrono Boost), Gateway  
  55  5:47  Observer  
  55  5:48  Probe x2 (Chrono Boost), Protoss Ground Weapons Level 1 (Chrono Boost)  
  59  5:54  Blink (Chrono Boost)  
  61  5:58  Probe (Chrono Boost)  
  61  6:01  Probe (Chrono Boost)  
  61  6:02  Probe (Chrono Boost)  
  62  6:07  Immortal (Chrono Boost)  
  62  6:11  Probe (Chrono Boost)  
  66  6:13  Probe x2 (Chrono Boost)  
  66  6:16  Pylon  
  69  6:28  Probe  
  69  6:33  Sentry  
  69  6:34  Gateway x2, Sentry  
  69  6:35  Probe, Gateway  
  69  6:37  Probe  
  75  6:42  Shield Battery  
  75  6:45  Probe  
  76  6:47  Immortal (Chrono Boost)  
  81  6:54  Probe x2  
  81  6:57  Probe  
  81  6:59  Photon Cannon  
  83  7:01  Pylon  
  83  7:07  Gateway, Stalker, Sentry  
  87  7:09  Stalker  
  89  7:19  Immortal  
  93  7:30  Shield Battery, Stalker x4  
  93  7:33  Pylon  
  95  7:48  Stalker x2  
  91  7:56  Stalker x3  
  91  7:57  Immortal (Chrono Boost), Stalker  
  82  8:06  Protoss Ground Armor Level 1 (Chrono Boost)  
  82  8:08  Stalker  
  82  8:12  Charge (Chrono Boost)  
  84  8:15  Probe x3  
  84  8:16  Assimilator  
  84  8:18  Zealot x2  
  84  8:19  Zealot x2, Assimilator  
  95  8:23  Stalker  
  95  8:24  Zealot  
  99  8:27  Probe  
  100  8:34  Immortal  
  104  8:42  Sentry  
  104  8:44  Zealot  
  104  8:47  Pylon  
  104  8:48  Pylon  
  108  8:55  Zealot x5  
  102  9:00  Probe  
  82  9:08  Stalker x2  
  76  9:15  Stalker x2  
  76  9:16  Stalker x2  
  76  9:29  Immortal (Chrono Boost)  
  76  9:30  Zealot  
  77  9:31  Zealot x2  
  77  9:36  Probe x2  
  87  9:39  Sentry x2  
  87  9:40  Zealot  
  87  9:44  Zealot  
  87  9:45  Observer  
  93  9:53  Zealot  
  93  9:54  Zealot x2  
  87  10:03  Warp Prism  
  87  10:05  Zealot x2  
  79  10:20  Zealot x5  
  87  10:26  Templar Archives  
  87  10:28  Zealot x2  
  82  10:30  Probe  
Show
View Real Time Build Order
Export as new Build Order

cure Terran - Winner!

Build Orders: Reaper Expand 

Get SALT Encoding   

  12  0:00  SCV  
  13  0:12  SCV  
  14  0:17  Supply Depot  
  14  0:24  SCV  
  15  0:38  SCV  
  15  0:40  Barracks  
  16  0:43  Refinery  
  16  0:50  SCV  
  17  1:03  SCV  
  18  1:15  SCV  
  19  1:27  Reaper  
  19  1:28  Orbital Command  
  20  1:43  Command Center  
  20  1:48  Supply Depot  
  20  1:53  SCV  
  21  1:59  Marine  
  22  2:06  SCV  
  23  2:09  Factory  
  23  2:15  Bunker  
  23  2:18  SCV  
  23  2:21  Barracks Reactor  
  24  2:25  Refinery  
  24  2:30  SCV  
  25  2:42  SCV  
  26  2:54  SCV  
  26  2:55  Hellion  
  26  2:56  Starport, Orbital Command  
  29  3:02  Marine x2  
  31  3:06  SCV  
  32  3:18  SCV  
  32  3:19  Widow Mine  
  35  3:20  Marine x2  
  37  3:30  SCV x2  
  39  3:34  Medivac  
  39  3:36  Supply Depot  
  39  3:40  Marine x2  
  43  3:43  Widow Mine  
  43  3:45  SCV  
  46  3:55  Supply Depot  
  46  3:58  SCV x2  
  46  4:02  Marine x2  
  50  4:06  Starport Tech Lab, Factory Tech Lab  
  50  4:10  SCV  
  50  4:11  SCV  
  50  4:16  Barracks  
  52  4:20  Supply Depot  
  52  4:21  Marine  
  52  4:22  SCV, Marine  
  55  4:24  SCV  
  55  4:26  Raven  
  58  4:32  Siege Tank  
  58  4:34  SCV  
  58  4:35  Supply Depot  
  62  4:38  SCV  
  62  4:42  Marine x2  
  64  4:46  SCV  
  64  4:51  SCV  
  64  4:52  Refinery, Engineering Bay  
  66  4:58  SCV  
  65  5:03  SCV  
  64  5:09  Marine x2  
  64  5:11  SCV  
  67  5:15  SCV  
  67  5:20  Barracks  
  68  5:23  SCV, Marine, Stimpack  
  68  5:27  SCV, Marine x2  
  73  5:31  Viking  
  73  5:32  Factory Reactor  
  73  5:35  SCV  
  76  5:39  Refinery, SCV, Terran Infantry Weapons Level 1  
  76  5:41  Supply Depot  
  77  5:45  Marine  
  77  5:49  Supply Depot  
  78  6:03  SCV x2, Marauder, Marine  
  78  6:04  Command Center  
  81  6:12  Marine  
  81  6:13  Marauder  
  81  6:14  Combat Shield  
  81  6:15  SCV x2  
  86  6:18  Factory Reactor, Supply Depot  
  86  6:21  Marine  
  86  6:22  Medivac  
  86  6:25  Marauder  
  91  6:28  Medivac  
  93  6:35  Marine  
  94  6:40  Marauder, Marine  
  94  6:42  Supply Depot  
  94  6:45  Supply Depot  
  94  6:46  Marauder, Supply Depot  
  99  6:52  SCV x2  
  100  6:59  Medivac  
  102  7:03  Barracks x2, Concussive Shells  
  102  7:04  Widow Mine x2, Medivac  
  102  7:05  Marauder  
  102  7:06  Marine x2  
  102  7:07  Marauder  
  114  7:11  SCV  
  114  7:12  SCV  
  116  7:16  Supply Depot  
  116  7:18  Orbital Command  
  116  7:27  Marauder, Marine x2  
  116  7:29  Marauder  
  122  7:31  SCV x2  
  122  7:33  Terran Infantry Armor Level 1  
  124  7:43  Widow Mine  
  123  7:44  Marine  
  123  7:45  Marine  
  123  7:47  SCV x2  
  123  7:48  Marauder  
  123  7:50  Marauder  
  120  7:53  Orbital Command  
  120  7:56  Barracks Reactor, Barracks Tech Lab  
  120  7:58  Widow Mine  
  114  8:03  Medivac x2  
  114  8:04  Widow Mine  
  116  8:05  Marine  
  116  8:06  Marine  
  116  8:10  Marauder  
  116  8:12  Marauder  
  122  8:14  SCV x2  
  124  8:23  Widow Mine, Marauder  
  124  8:25  Widow Mine  
  130  8:31  Marauder, Marine  
  130  8:32  Marine  
  130  8:33  SCV, Marauder, Medivac  
  139  8:34  SCV  
  139  8:35  Missile Turret  
  139  8:36  SCV  
  139  8:44  Marauder  
  141  8:49  Marine x2  
  141  8:53  Marauder, Marine x2  
  141  8:54  Marauder  
  139  8:59  Widow Mine x2, Medivac  
  132  9:03  SCV x3, Medivac  
  132  9:05  Marauder  
  132  9:07  Marine x2  
  132  9:08  Refinery x2, Armory  
  132  9:09  Engineering Bay, Supply Depot  
  135  9:10  Supply Depot  
  135  9:11  Marine x2  
  135  9:14  Marauder  
  135  9:16  Marauder  
  139  9:21  Widow Mine  
  133  9:25  Marine  
  133  9:27  Marauder, Marine  
  133  9:29  Widow Mine, Marine  
  134  9:35  Marauder  
  134  9:37  Marauder  
  138  9:40  Marine  
  138  9:43  Widow Mine  
  138  9:45  Liberator  
  141  9:48  Marauder  
  141  9:49  Command Center  
  142  9:57  Marauder  
  142  9:58  Marine x4  
  142  9:59  Marauder  
  134  10:09  Marauder  
  134  10:12  Widow Mine x2  
  135  10:16  Marine x4  
  135  10:18  Marauder  
  135  10:20  Marauder  
Tags
 
Add a new tag
Caveats
  • Supply blocks, unpowered buildings, or Contaminate may cause inaccurate times.
  • Supply counts are checked every 10 seconds.